 Dungeon Crawl Stone Soup version 0.28.0-43-g3370ac3207 (webtiles) character file.

Game seed: 696861679685465522

37 H0rd4k the Magician (level 3, -2/19 HPs)
             Began as a Deep Elf Hedge Wizard on Mar 14, 2022.
             Killed by nerve-wracking pain
             ... invoked by Jessica
              (8 damage)
             ... on level 2 of the Dungeon.
             The game lasted 00:01:36 (1813 turns).

H0rd4k the Magician (Deep Elf Hedge Wizard)         Turns: 1813, Time: 00:01:36

Health: -2/19      AC:  5    Str:  7    XL:     3   Next: 21%
Magic:  9/12       EV: 12    Int: 20    God:
Gold:   65         SH:  0    Dex: 14    Spells: 4/13 levels left

rFire   . . .      SeeInvis .   a - +0 dagger
rCold   . . .      Faith    .   (no shield)
rNeg    . . .      Spirit   .   b - +0 robe
rPois   .          Reflect  .   c - +0 hat
rElec   .          Harm     .   (no cloak)
rCorr   .          Rampage  .   h - +2 pair of gloves
Will    .....                   (no boots)
Stlth   ++........              (no amulet)
HPRegen 0.06/turn               j - ring of flight
MPRegen 0.13/turn               (no ring)

@: flying, very slightly contaminated
A: no striking features
a: no special abilities


You were on level 2 of the Dungeon.
You visited 1 branch of the dungeon, and saw 2 of its levels.

You collected 65 gold pieces.

Inventory:

Hand Weapons
 a - a +0 dagger (weapon)
Armour
 b - a +0 robe (worn)
 c - a +0 hat (worn)
 h - a +2 pair of gloves (worn)
Jewellery
 j - a ring of flight (left hand)
Scrolls
 i - 2 scrolls of noise {unknown}
 k - 2 scrolls of identify {unknown}
 l - a scroll of immolation {unknown}
 m - 2 scrolls of acquirement {unknown}
Potions
 d - a potion of heal wounds {unknown}
 e - a potion of haste {unknown}
 f - a potion of cancellation {unknown}
 g - a potion of brilliance {unknown}


   Skills:
 + Level 2.7 Dodging
 - Level 2.4 Stealth
 + Level 5.7 Spellcasting
 + Level 1.6 Conjurations
 + Level 1.1 Summonings
 + Level 1.1 Translocations


You had 4 spell levels left.
You knew the following spells:

 Your Spells              Type           Power      Damage    Failure   Level
a - Magic Dart            Conj           48%        1d5       5%          1
b - Blink                 Tloc           20%        N/A       11%         2
c - Conjure Flame         Conj/Fire      8%         6-21      24%         3
d - Mephitic Cloud        Conj/Pois/Air  7%         N/A       26%         3

Your spell library contained the following spells:

 Spells                   Type           Power      Damage    Failure   Level
 Slow                     Hex            20%        N/A       11%         1
 Call Imp                 Summ           10%        N/A       11%         2


Dungeon Overview and Level Annotations

Branches:
Dungeon (2/15)

Altars:

Annotations:
D:1 exclusion: downstairs
D:2 Jessica, Terence


Message History

You kill the endoplasm!
You can't see any susceptible monsters within range! (Use Z to cast anyway.)
Your magical contamination has completely faded away.
There is an open door here.
Found a scroll labelled OGICHY LYTOA.
Found a stone staircase leading down.
i - 2 scrolls labelled OSHIKEPOEZE (gained 1)
You see here a +0 dagger.
k - 2 scrolls labelled OGICHY LYTOA (gained 1)
Found a robe.
As you open the door, it creaks loudly!
Found 2 scrolls labelled OMUYRU MEIRIUR.
There is an open door here.
m - 2 scrolls labelled OMUYRU MEIRIUR You reach down and open the door.
There is an open door here.
Jessica the Apprentice Sorceress comes into view.
She is wielding a +0 dagger.
You miscast Magic Dart.
You are very lightly contaminated with residual magic.
Nothing appears to happen.
The magic dart hits Jessica.
Jessica is heavily wounded.
Jessica shouts!
You hear a shout!
Jessica casts a spell at you. Pain shoots through your body!
Ouch! That really hurt!
You are too injured to fight recklessly!
You are too injured to fight recklessly!
You are too injured to fight recklessly!
You are too injured to fight recklessly!
You are too injured to fight recklessly!
Casting: Magic Dart (safe; 5% risk of failure)
Confirm with . or Enter, or press ? or * to list all spells.
Aiming: Magic Dart (safe; 5% risk of failure)
Press: ? - help, Shift-Dir - straight line, f/p - Jessica
Aim: Jessica, wielding a +0 dagger and wearing a +0 robe (heavily wounded, 100% to hit)
The magic dart hits Jessica.
Jessica is severely wounded.
Jessica casts a spell at you. Pain shoots through your body!
You die...

....##.# #
......# .. #
(....# ...8
...#. ....# ...#
@..## ...# ...#
...## ..# ...##
#..####.# ...8#
#@##...##†..##.#
#..#..@#.......#
##'###.#<..#
#...##.@.###
#...##'###
#...#...
#...#....
##'##..†..
#...#......


You could see Jessica.

Vanquished Creatures
  A worm (D:2)
  2 ball pythons
  3 endoplasms
  2 giant cockroaches (D:1)
  A hobgoblin (D:1)
  3 jackals (D:1)
  3 quokkas
  2 bats (D:1)
  3 frilled lizards
  4 goblins (D:1)
  A kobold (D:2)
  7 rats
32 creatures vanquished.

Notes
Turn   | Place    | Note
-------+----------+-------------------------------------------
     0 | D:1      | H0rd4k the Deep Elf Hedge Wizard began the quest for the
                  | Orb.
     0 | D:1      | Reached XP level 1. HP: 10/10 MP: 7/7
    27 | D:1      | Noticed a black bear
    27 | D:1      | Noticed a hound
    28 | D:1      | Noticed a water moccasin
   213 | D:1      | Reached skill level 5 in Spellcasting
   268 | D:1      | Reached XP level 2. HP: 15/15 MP: 2/10
  1110 | D:1      | Found a faded altar of an unknown god.
  1499 | D:2      | Reached XP level 3. HP: 19/19 MP: 10/12
  1502 | D:2      | Learned a level 2 spell: Blink
  1506 | D:2      | Learned a level 3 spell: Conjure Flame
  1510 | D:2      | Learned a level 3 spell: Mephitic Cloud
  1515 | D:2      | Noticed Terence
  1810 | D:2      | Noticed Jessica
  1813 | D:2      | Killed from afar by Jessica

Illustrated notes

Levels and vault maps discovered:
D:1:      onia_arrival_zoo_common, layout_loops_ring,
          ebering_ecumenical_altar_hall, minmay_split_cup_large
D:2:      layout_basic, serial_corexii_hall, chequers_hall_statues_y,
          corexii_hall_statues_x, chequers_hall_statues_wall_a,
          corexii_hall_statues_i, columned_hall_lemuel, grunt_decor_clamped,
          uniq_jessica, uniq_terence

Skill      XL: |  1 |
---------------+----+-----
Spellcasting   | 5 |  5.7
Dodging        | |  2.7
Stealth        | |  2.4
Conjurations   | |  1.6
Summonings     | |  1.1
Translocations | |  1.1

Action                   || total
-------------------------++-------
Melee: Dagger            ||    17
 Cast: Magic Dart        ||    86
Armor: Robe              ||    10
Dodge: Dodged            ||    32
